 Dungeon Crawl Stone Soup version 0.27-a0-323-gbd089401bb (webtiles) character file.

Game seed: 8113665207010233514

888 siradein the Reanimator (level 7, -4/46 HPs)
             Began as a Demonspawn Necromancer on Feb 11, 2021.
             Was a Follower of Dithmenos.
             Slain by a centaur zombie (7 damage)
             ... on level 5 of the Dungeon.
             The game lasted 00:32:38 (6671 turns).

siradein the Reanimator (Demonspawn Necromancer)    Turns: 6671, Time: 00:32:39

Health: -4/46      AC:  3    Str:  9    XL:     7   Next: 77%
Magic:  11/11      EV: 12    Int: 18    God:    Dithmenos [*.....]
Gold:   161        SH:  0    Dex: 13    Spells: 3/12 levels left

rFire    . . .     SeeInvis .   i - +0 dagger (venom)
rCold    . . .     Faith    .   (no shield)
rNeg     . . .     Spirit   .   a - +0 robe
rPois    .         Reflect  .   (no helmet)
rElec    .         Harm     .   (no cloak)
rCorr    .         Rampage  .   (no gloves)
Will     +....                  c - +0 pair of boots
Stlth    ++........             l - amulet of magic regeneration
HPRegen  0.15/turn              b - ring of willpower
MPRegen  0.37/turn              (no ring)

@: wreathed by umbra
A: claws 2, powered by death 1
a: Renounce Religion


You were on level 5 of the Dungeon.
You worshipped Dithmenos.
Dithmenos was aware of your devotion.
You visited 1 branch of the dungeon, and saw 5 of its levels.

You collected 161 gold pieces.

Inventory:

Hand Weapons
 i - a +0 dagger of venom (weapon)
Armour
 a - a +0 robe (worn)
 c - a +0 pair of boots (worn)
Jewellery
 b - a ring of willpower (left claw)
 l - an amulet of magic regeneration (around neck)
Scrolls
 d - 6 scrolls of identify {unknown}
 g - a scroll of teleportation {unknown}
 k - a scroll of fear {unknown}
Potions
 e - a potion of heal wounds
 f - 2 potions of curing {unknown}
 h - 3 potions of flight {unknown}
 j - a potion of lignification {unknown}


   Skills:
 + Level 1.7 Dodging
 - Level 1.7 Stealth
 + Level 3.1 Spellcasting
 + Level 10.2 Necromancy


You had 3 spell levels left.
You knew the following spells:

 Your Spells              Type           Power        Failure   Level
a - Pain                  Necr           100%         1%          1
b - Animate Skeleton      Necr           78%          1%          1
c - Animate Dead          Necr           19%          2%          4
d - Vampiric Draining     Necr           19%          1%          3

Your spell library contained the following spells:

 Spells                   Type           Power        Failure   Level
 Agony                    Necr           39%          7%          5


Dungeon Overview and Level Annotations

Branches:
Dungeon (5/15)
 Temple: D:4-7

Altars:
Ashenzari
Dithmenos
Qazlal


Innate Abilities, Weirdness & Mutations

You have very sharp fingernails.
You regenerate a little health from kills.


Message History

You hit the centaur zombie.
The centaur zombie is severely damaged.
The centaur zombie barely misses you.
The centaur zombie hits you but does no damage.
You hit the centaur zombie.
The centaur zombie is severely damaged.
The centaur zombie hits you but does no damage.
You hit the centaur zombie but do no damage.
The centaur zombie is severely damaged.
The centaur zombie barely misses you.
You hit the centaur zombie.
The centaur zombie is severely damaged.
The centaur zombie hits you.
You hit the centaur zombie.
The centaur zombie is almost destroyed.
The centaur zombie hits you. The centaur zombie closely misses you.
You hit the centaur zombie but do no damage.
The centaur zombie is almost destroyed.
The centaur zombie hits you.
You hit the centaur zombie but do no damage.
The centaur zombie is almost destroyed.
The centaur zombie closely misses you.
You hit the centaur zombie.
The centaur zombie is almost destroyed.
The centaur zombie barely misses you. The centaur zombie hits you.
* * * LOW HITPOINT WARNING * * *
You hit the centaur zombie but do no damage.
The centaur zombie is almost destroyed.
The centaur zombie closely misses you.
You hit the centaur zombie but do no damage.
The centaur zombie is almost destroyed.
The centaur zombie completely misses you.
You hit the centaur zombie.
The centaur zombie is almost destroyed.
The centaur zombie hits you!
* * * LOW HITPOINT WARNING * * *
The centaur zombie closely misses you. The centaur zombie closely misses you.
The centaur zombie hits you!
You die...

## #.#####..#### # ##.## #......
# #...# #.##### ##
##...####...>.. .##
#......#######. ..## ######+#
##......# ##.. ...## ##.#....#
#.......# ##...
....####...##.######.....####....
....'...........@Z..........'....
....####...##.########...####....
...## #.........#######.## ##...
..## #.#####.#.........# ##.. .##
#.# #.#..#####..# ##. ## #.#
###.#..# #..# ## # #.# #...#..#
###..# # # #.# #.###..# #....# .
## #.# #.# #..# #.#.## ##


You could see a centaur zombie.

Vanquished Creatures
  A sky beast (D:5)
  An ogre (D:3)
  2 centaurs (D:5)
  A scorpion (D:4)
  3 orc priests
  A bullfrog skeleton (D:5)
  3 iguanas
  2 worker ants
  2 orc wizards (D:4)
  2 hound skeletons
  6 gnolls
  5 adders
  An ufetubus (D:5)
  An ooze (D:4)
  A worm (D:4)
  2 dart slugs
  8 orcs
  11 bats
  2 giant cockroaches
  6 goblins
  9 hobgoblins
  9 jackals
  2 quokkas
  5 ball pythons
  3 frilled lizards
  5 kobolds
  A leopard gecko skeleton (D:4)
  4 rats (D:1)
99 creatures vanquished.

Vanquished Creatures (collateral kills)
  A hobgoblin (D:3)
  A jackal (D:5)
2 creatures vanquished.

Grand Total: 101 creatures vanquished

Notes
Turn   | Place    | Note
-------+----------+-------------------------------------------
     0 | D:1      | siradein the Demonspawn Necromancer began the quest for the
                  | Orb.
     0 | D:1      | Reached XP level 1. HP: 13/13 MP: 3/3
   432 | D:1      | Gained mutation: You have sharp fingernails. [demonic
                  | ancestry]
   432 | D:1      | Reached XP level 2. HP: 13/19 MP: 0/5
   449 | D:1      | Learned a level 1 spell: Animate Skeleton
   545 | D:1      | Reached skill level 5 in Necromancy
  1097 | D:2      | Gained mutation: You regenerate a little health from kills.
                  | [demonic ancestry]
  1097 | D:2      | Reached XP level 3. HP: 15/24 MP: 2/6
  1455 | D:2      | Reached skill level 6 in Necromancy
  1590 | D:2      | Found a shadowy altar of Dithmenos.
  1903 | D:2      | Reached XP level 4. HP: 29/30 MP: 4/7
  2050 | D:2      | Found a stormy altar of Qazlal.
  2226 | D:2      | Became a worshipper of Dithmenos the Shadowed
  3004 | D:3      | Reached skill level 7 in Necromancy
  3004 | D:3      | Reached XP level 5. HP: 32/35 MP: 3/8
  3009 | D:3      | Learned a level 4 spell: Animate Dead
  4073 | D:4      | Reached skill level 8 in Necromancy
  4073 | D:4      | Gained mutation: You have very sharp fingernails. [demonic
                  | ancestry]
  4073 | D:4      | Reached XP level 6. HP: 39/41 MP: 5/9
  4151 | D:4      | Found a broken altar of Ashenzari.
  4490 | D:4      | Reached * piety under Dithmenos
  4634 | D:4      | Learned a level 3 spell: Vampiric Draining
  4977 | D:3      | Reached skill level 9 in Necromancy
  5012 | D:5      | Entered Level 5 of the Dungeon
  5302 | D:5      | Reached XP level 7. HP: 34/46 MP: 3/10
  5959 | D:5      | Reached skill level 10 in Necromancy
  6664 | D:5      | HP: 2/46 [centaur zombie (7)]
  6671 | D:5      | Slain by a centaur zombie

Illustrated notes

Levels and vault maps discovered:
D:1:      dpeg_arrival_rhombi, layout_rooms
D:2:      layout_basic, nicolae_dithmenos_through_a_glass_darkly,
          lemuel_doored_altar
D:3:      layout_rooms
D:4:      layout_basic, ashenzari_conservatory_becter
D:5:      layout_loops_corners, grunt_decor_one_mirror, tso_altar

Skill      XL: |  1  2  3  4  5  6  7 |
---------------+----------------------+-----
Necromancy     | 5 6 7 8 9 10 | 10.2
Spellcasting   | 3 |  3.1
Dodging        | |  1.7
Stealth        | |  1.7

Action                   |  1- 3 |  4- 6 |  7- 9 || total
-------------------------+-------+-------+-------++-------
Melee: Unarmed           |     8 |    14 |       ||    22
       Dagger            |       |     9 |    76 ||    85
 Cast: Pain              |    60 |   130 |    32 ||   222
       Animate Skeleton  |     4 |     2 |     2 ||     8
       Animate Dead      |       |     3 |       ||     3
  Use: Potion            |       |     1 |       ||     1
Armor: Robe              |     9 |     9 |    11 ||    29
Dodge: Dodged            |    14 |    48 |    76 ||   138

Table legend: (Time is in decaauts)
 A = Elapsed time spent in this place.
 B = Non-inter-level travel time spent in this place.
 C = Inter-level travel time spent in this place.
 D = Time resting spent in this place.
 E = Time spent auto-exploring this place.
 F = Levels seen in this place.
 G = Mean time per level.
                   A        B        C        D        E       F      G
               +--------+--------+--------+--------+--------+-----+--------+
         Total |   6707 |   6579 |    128 |    816 |   4494 |   5 | 1341.4 |
       Dungeon |   6707 |   6579 |    128 |    816 |   4494 |   5 | 1341.4 |
               +--------+--------+--------+--------+--------+-----+--------+

Top non-repeatable levels by time:
     D:5: 1658 daAuts
     D:3: 1392 daAuts
     D:2: 1344 daAuts
     D:4: 1241 daAuts
     D:1: 1071 daAuts
